 Dungeon Crawl Stone Soup version 0.24-b1-30-g840c9efd86 (webtiles) character file.

Game seed: 8762648877553397111, levelgen mode: deterministic

54 lepoulpe303 the Poker (level 3, -9/30 HPs)
             Began as a Merfolk Monk on Oct 24, 2019.
             Mangled by an ogre
             ... wielding a +0 giant club
              (14 damage)
             ... on level 4 of the Dungeon.
             The game lasted 00:04:34 (2715 turns).

lepoulpe303 the Poker (Merfolk Monk)                Turns: 2715, Time: 00:04:34

Health: -9/30      AC:  5    Str: 12    XL:     3   Next: 91%
Magic:  3/3        EV: 12    Int:  9    God:
Gold:   218        SH:  0    Dex: 16    Spells: 2/2 levels left

rFire    . . .     SeeInvis .   a - +0 spear
rCold    . . .     Gourm    .   (no shield)
rNeg     . . .     Faith    .   g - +0 ring mail
rPois    .         Spirit   .   (no helmet)
rElec    .         Reflect  .   (no cloak)
rCorr    .         Harm     .   (no gloves)
MR       +....                  (no boots)
Stlth    ++........             (no amulet)
HPRegen  0.10/turn              m - ring of protection from magic
MPRegen  0.08/turn              (no ring)

@: no status effects
A: change form in water, swift swim, stealthy swim
a: no special abilities


You were on level 4 of the Dungeon.
You were not hungry.

You visited 1 branch of the dungeon, and saw 4 of its levels.

You collected 218 gold pieces.

Inventory:

Hand Weapons
 a - a +0 spear (weapon)
Missiles
 Q - 126 stones (quivered)
Armour
 b - a +0 robe
 g - a +0 ring mail (worn)
Jewellery
 m - a ring of protection from magic (left hand)
Scrolls
 c - a scroll of enchant weapon {unknown}
 d - 3 scrolls of teleportation {unknown}
 f - a scroll of blinking {unknown}
 i - 3 scrolls of identify
 j - 2 scrolls of remove curse {unknown}
Potions
 h - a potion of might {unknown}
 k - a potion of lignification {unknown}
 l - a potion of heal wounds
 n - a potion of brilliance {unknown}
 o - a potion of berserk rage {unknown}
 p - a potion of cancellation {unknown}
Comestibles
 e - 7 rations
 q - a chunk of flesh


   Skills:
 * Level 3.9 Fighting
 * Level 5.3 Polearms
 + Level 0.6 Armour
 + Level 4.2 Dodging
 + Level 2.5 Stealth


You had 2 spell levels left.
You didn't know any spells.
Your spell library was empty.

Dungeon Overview and Level Annotations

Branches:
Dungeon (3/15)

Altars:
Fedhas


Message History

You reach to attack!
You hit the ogre. You hit the ogre but do no damage. The ogre misses you.
You hit the ogre. You hit the ogre but do no damage.
The ogre hits you with a +0 giant club!
* * * LOW HITPOINT WARNING * * *
You take 13 damage, and have 17/30 hp.
MASSIVE DAMAGE!!
You hit the ogre. The ogre hits you with a +0 giant club!
* * * LOW HITPOINT WARNING * * *
You take 7 damage, and have 10/30 hp.
MASSIVE DAMAGE!!
You hit the ogre. You hit the ogre but do no damage.
The ogre hits you with a +0 giant club.
* * * LOW HITPOINT WARNING * * *
You take 6 damage, and have 4/30 hp.
Unknown command.
There is an open door here.
Okay, then.
The ogre hits you with a +0 giant club!
You die...

.(. #### ##### #..
#######..###...###..
#.........#.........
#.........#.........
#.........#.........
#........>#.........
#..O......#.........
#..@......'.........
#.........#.........
####################


You could see an ogre.

Levels and vault maps discovered:
D:1:      dpeg_arrival_pits, layout_loops_ring, dk_noncrumbling_4
D:2:      layout_basic, fedhas_ov_isle_minmay
D:3:      layout_loops_ring, chequers_ecumenical_altar_twisty, first_ration,
          serial_glass, glass_columns_a, glass_columns_a
D:4:      layout_gridville, serial_shops, nicolae_shop_crystal

Notes
Turn   | Place    | Note
-------+----------+-------------------------------------------
     0 | D:1      | lepoulpe303 the Merfolk Monk began the quest for the Orb.
     0 | D:1      | Reached XP level 1. HP: 18/18 MP: 1/1
   111 | D:1      | Identified a +0 club
   195 | D:1      | Identified a +0 club
   217 | D:1      | Identified a +0 dagger
   230 | D:1      | Reached XP level 2. HP: 22/24 MP: 2/2
   700 | D:1      | Identified a +0 ring mail (You found it on level 1 of the
                  | Dungeon)
   748 | D:2      | Found a blossoming altar of Fedhas.
   748 | D:2      | Identified a +0 dagger
   748 | D:2      | Identified a +1 hunting sling of flaming
   781 | D:2      | Identified a +0 club
   898 | D:2      | Identified a cursed -3 club
   898 | D:2      | Identified a +0 hunting sling
  1737 | D:2      | Identified 3 scrolls of identify
  1737 | D:2      | Identified a ring of protection from magic (You found it on
                  | level 2 of the Dungeon)
  1773 | D:3      | Identified a cursed +0 club
  1779 | D:3      | Reached skill level 5 in Polearms
  1779 | D:3      | Reached XP level 3. HP: 30/30 MP: 3/3
  1920 | D:3      | Found a faded altar of an unknown god.
  1967 | D:3      | Identified a +0 club
  2069 | D:3      | HP: 6/30 [asphyx]
  2070 | D:3      | Identified 2 potions of heal wounds
  2094 | D:3      | HP: 7/30 [poisoned by kobold (curare-tipped dart)]
  2403 | D:3      | Identified a +0 club
  2619 | D:3      | You fall into a shaft and drop 1 floor!
  2687 | D:4      | Identified a +0 giant club
  2687 | D:4      | Noticed an ogre
  2698 | D:4      | HP: 4/30 [ogre/+0 giant club (6)]
  2715 | D:4      | Mangled by an ogre

Table legend:
 A = Turns spent in this place as a percentage of turns spent in the entire game.
 B = Non-inter-level travel turns spent in this place as a percentage of non-inter-level travel turns spent in the entire game.
 C = Inter-level travel turns spent in this place as a percentage of turns spent in this place.
 D = Turns resting spent in this place as a percentage of non-inter-level travel turns spent in this place.
 E = Turns spent auto-exploring this place as a percentage of non-inter-level travel turns spent in this place.
 F = Non-inter-level travel turns spent in this place divided by the number of levels of this place that you've seen.
                   A       B       C       D       E      F
               +-------+-------+-------+-------+-------+----------------------
         Total | 100.0 | 100.0 |   2.7 |   9.4 |  75.2 | 660.5
       Dungeon | 100.0 | 100.0 |   2.7 |   9.4 |  75.2 | 660.5
               +-------+-------+-------+-------+-------+----------------------

Table legend:
 A = Kills in this place as a percentage of kills in entire the game.
 B = Kills by you in this place as a percentage of kills by you in the entire game.
 C = Kills by friends in this place as a percentage of kills by friends in the entire game.
 D = Other kills in this place as a percentage of other kills in the entire game.
 E = Experience gained in this place as a percentage of experience gained in the entire game.
 F = Experience gained in this place divided by the number of levels of this place that you have seen.
                   A       B       C       D       E      F
               +-------+-------+-------+-------+-------+----------------------
         Total | 100.0 | 100.0 |   N/A |   N/A | 100.0 |  19.5
       Dungeon | 100.0 | 100.0 |   N/A |   N/A | 100.0 |  19.5
               +-------+-------+-------+-------+-------+----------------------

Skill      XL: |  1  2 |
---------------+-------+-----
Polearms       | 5 |  5.3
Fighting       | |  3.9
Armour         | |  0.6
Dodging        | |  4.2
Stealth        | |  2.5

Action                   || total
-------------------------++-------
Melee: Spear             ||   172
Throw: Stone             ||    69
  Use: Scroll            ||     1
       Potion            ||     1
 Stab: Sleeping          ||     3
  Eat: Chunk             ||     2
       Ration            ||     1
Armor: Robe              ||     1
       Ring mail         ||    29
Dodge: Dodged            ||    75

Vanquished Creatures
  2 worms
  A dart slug (D:3)
  A leopard gecko (D:2)
  An orc (D:3)
  2 giant cockroaches
  3 goblins
  8 hobgoblins
  3 jackals (D:3)
  4 quokkas
  5 bats
  A frilled lizard (D:3)
  4 kobolds
  A leopard gecko skeleton (D:4)
  2 rats
38 creatures vanquished.
